 Dungeon Crawl Stone Soup version 0.28-b1-70-g80dc712255 (webtiles) character file.

Game seed: 9461215225388303309

517 GrayStillPlays the Chopper (level 7, -1/85 (93) HPs)
             Began as a Minotaur Berserker on Feb 4, 2022.
             Was a Believer of Trog.
             Slain by a wight (4 damage)
             ... on level 4 of the Dungeon.
             The game lasted 00:10:51 (4924 turns).

GrayStillPlays the Chopper (Minotaur Berserker)     Turns: 4924, Time: 00:10:52

HP:   -1/85 (93)    AC: 11    Str: 24    XL:     7   Next: 0%
MP:   6/6           EV: 10    Int:  4    God:    Trog [**....]
Gold: 173           SH:  6    Dex:  9    Spells: 6/6 levels left

rFire   . . .      SeeInvis .   a - +0 hand axe {axe}
rCold   . . .      Faith    .   n - +2 buckler
rNeg    . . .      Spirit   .   t - +0 scale mail
rPois   .          Reflect  .   (helmet restricted)
rElec   .          Harm     .   p - +0 cloak
rCorr   .          Rampage  +   (no gloves)
Will    +++..                   u - +2 pair of boots {rampage}
Stlth   ..........              (no amulet)
HPRegen 1.24/turn               m - ring of willpower
MPRegen 0.10/turn               (no ring)

@: berserking, strong-willed, regenerating, drained, very quick
A: horns 2, retaliatory headbutt
a: Renounce Religion, Berserk, Trog's Hand


You were on level 4 of the Dungeon.
You worshipped Trog.
Trog was pleased with you.
You visited 1 branch of the dungeon, and saw 4 of its levels.

You collected 173 gold pieces.


Innate Abilities, Weirdness & Mutations

You have a pair of horns on your head.
You reflexively headbutt those who attack you in melee.


   Skills:
 + Level 5.6 Fighting
 + Level 5.7 Axes
 + Level 4.8 Armour
 - Level 2.7 Dodging
 + Level 3.5 Shields
 - Level 0.3 Spellcasting


You had 6 spell levels left.
You didn't know any spells.
Your spell library was empty.

Inventory:

Hand Weapons
 a - a +0 hand axe (weapon) {axe}
Missiles
 b - 17 bolts
 c - 82 stones (quivered) {throwing}
 h - 26 sling bullets
 j - 50 arrows
 k - 6 javelins {throwing}
Armour
 n - a +2 buckler (worn)
   (You found it on level 2 of the Dungeon)
 p - a +0 cloak (worn)
   (You found it on level 3 of the Dungeon)
 t - a +0 scale mail (worn)
   (You took it off Duvessa on level 4 of the Dungeon)
 u - a +2 pair of boots of rampaging (worn)
   (You found it on level 4 of the Dungeon)
Jewellery
 m - a ring of willpower (left hand)
   (You found it on level 2 of the Dungeon)
Wands
 s - a wand of digging (6)
   (You found it on level 3 of the Dungeon)
Scrolls
 e - 2 scrolls of enchant weapon {unknown}
 f - a scroll of identify {unknown}
 g - a scroll of blinking {unknown}
 i - 2 scrolls of immolation {unknown}
 r - a scroll of enchant armour {unknown}
 v - a scroll of vulnerability {unknown}
 w - a scroll of teleportation {unknown}
Potions
 d - 3 potions of invisibility {unknown}
 l - a potion of heal wounds {unknown}
 o - 2 potions of ambrosia {unknown}
 q - a potion of might {unknown}

Dungeon Overview and Level Annotations

Branches:
Dungeon (4/15)
 Temple: D:4-7

Altars:

###### ##### #....###### ###
####...######.#.......# #..
#...........#.#....o..########..
#......>...))zz.............##..
#...........#.#..###........##..
#...........#.#@{# #............
#...........'.##.#...###........
#...........####.....##.........
#.........................).....
##........................†......
#.........................)......
#...####'####.................##.
#..)###.....#.................##.
#...........#####..####..........


You could see a wight and an orc wizard.


Message History

You closely miss the wight. The wight closely misses you.
You hit the wight but do no damage.
You headbutt the wight, but do no damage.
You block the wight's attack. The wight misses you.
The wight hits you but does no damage. The wight hits you with a +0 mace.
You feel drained. 😕 HP[-4]
You now have 55 max hp (-1).
You take 4 damage, and now have 52/55 hp.
The wight hits you from afar with a +0 spear. 😕 HP[-1]
You take 1 damage, and now have 51/55 hp.
You see here a +0 club {mace}.
You block the wight's attack.
You hit the wight.
The wight hits you from afar with a +3 trident.
You block the wight's attack. The wight hits you with a +0 mace.
You feel drained. 😕 HP[-10]
You now have 53 max hp (-2).
You take 10 damage, and now have 41/53 hp.
You hit the wight. The wight hits you but does no damage.
The wight closely misses you. You block the wight's attack. 😕 HP[+1]
You hit the wight but do no damage. The wight hits you but does no damage.
The wight barely misses you. The wight hits you with a +0 mace.
You feel drained. The wight barely misses you. 😕 HP[-2]
You now have 52 max hp (-1).
You take 2 damage, and now have 40/52 hp.
You hit the wight but do no damage. Your headbutt misses the wight.
The wight hits you from afar with a +0 spear.
You feel drained.
The wight hits you but does no damage. x2 😮 HP[-2]
You now have 51 max hp (-1).
You take 2 damage, and now have 38/51 hp.
You barely miss the wight. You block the wight's attack. x2
The wight hits you from afar with a +3 trident. 😮 HP[-6]
You take 6 damage, and now have 32/51 hp.
You hit the wight but do no damage. Your headbutt misses the wight.
The wight closely misses you. You block the wight's attack.
The wight hits you from afar with a +3 trident!
* * * LOW HITPOINT WARNING * * *
😨 HP[-9]
You take 9 damage, and now have 23/51 hp.
You hit the wight but do no damage.
The wight hits you from afar with a +0 spear.
* * * LOW HITPOINT WARNING * * *
You feel drained.
* * * LOW HITPOINT WARNING * * *
The wight closely misses you. x2 😨 HP[-3]
You now have 50 max hp (-1).
You take 3 damage, and now have 20/50 hp.
You hit the wight.
You destroy the wight!
Trog accepts your kill. The wight barely misses you. x2
You have reached level 7! 😨 HP[+3] MP[+1]
You now have 59 max hp (+9).
You regained 3 hp, and now have 23/59 hp.
Your mp is fully restored (6).
The orc wizard shouts! 😨 HP[+1]
Your skin crawls.
You feel strong-willed.
The orc wizard shouts!
You block the wight's attack.
The orc wizard points at you and mumbles some strange words.
The puff of flame hits you!
* * * LOW HITPOINT WARNING * * *
😱 HP[-10]
You take 10 damage, and now have 14/59 hp.
A red film seems to cover your vision as you go berserk!
You feel yourself moving faster!
You feel mighty! The wight hits you but does no damage.
The orc wizard casts a spell at you. The puff of flame hits you!
* * * LOW HITPOINT WARNING * * *
😱 HP[-3]
You now have 88 max hp (+29).
You feel a strong urge to attack something.
The orc wizard misses you. The wight closely misses you.
The wight hits you from afar with a +3 trident!
* * * LOW HITPOINT WARNING * * *
You feel drained.
* * * LOW HITPOINT WARNING * * *
😱 HP[-8]
You now have 85 max hp (-3).
You take 8 damage, and now have 3/85 hp.
The orc wizard mumbles some strange words.
The orc wizard flickers and vanishes!
Deactivating autopickup; reactivate with Ctrl-A.
The wight hits you from afar with a +0 spear.
You die...

Skill      XL: |  1  2  3  4  5  6 |
---------------+-------------------+-----
Axes           | 4 5 |  5.7
Fighting       | 4 5 |  5.6
Armour         | 3 4 |  4.8
Shields        | 1 2 3 |  3.5
Dodging        | |  2.7
Spellcasting   | |  0.3

Action                   |  1- 3 |  4- 6 |  7- 9 || total
-------------------------+-------+-------+-------++-------
Melee: Hand axe          |   118 |   115 |       ||   233
       Headbutt          |    16 |    14 |       ||    30
       Punch             |     1 |       |       ||     1
Invok: Berserk           |     1 |     1 |     1 ||     3
       Trog's Hand       |       |     1 |     1 ||     2
Armor: Animal skin       |    17 |       |       ||    17
       Ring mail         |     3 |     7 |       ||    10
       Scale mail        |       |    38 |     1 ||    39
Dodge: Dodged            |    77 |    58 |     2 ||   137
Block: Buckler           |    10 |    40 |     1 ||    51

Levels and vault maps discovered:
D:1:      dpeg_arrival_radiant, layout_loops_ring,
          chequers_ecumenical_altar_grove
D:2:      layout_loops_ring, minmay_crystal_room
D:3:      layout_basic
D:4:      layout_basic, nicolae_ru_the_path_less_chosen, gammafunk_ghost_arena,
          amcnicky_mini_corridor_feature, minmay_ruptured, uniq_duvessa

Notes
Turn   | Place    | Note
-------+----------+-------------------------------------------
     0 | D:1      | GrayStillPlays the Minotaur Berserker began the quest for
                  | the Orb.
     0 | D:1      | Reached XP level 1. HP: 19/19 MP: 0/0
     0 | D:1      | magus.rc [v1.9.6]
   204 | D:1      | Reached XP level 2. HP: 27/27 MP: 1/1
   619 | D:1      | Reached skill level 4 in Axes
   666 | D:1      | Reached skill level 4 in Fighting
   751 | D:1      | You fall into a shaft and drop 1 floor!
   833 | D:2      | Reached ** piety under Trog
   838 | D:2      | Reached XP level 3. HP: 21/33 MP: 2/2
  1084 | D:2      | Reached skill level 3 in Armour
  2132 | D:1      | Found a faded altar of an unknown god.
  2811 | D:3      | Reached skill level 1 in Shields
  2811 | D:3      | Reached XP level 4. HP: 21/41 MP: 3/3
  3479 | D:4      | Noticed Dowan
  3479 | D:4      | Noticed Duvessa
  3674 | D:4      | HP: 15/61 [Duvessa (5)]
  3678 | D:4      | Killed Duvessa
  3679 | D:4      | Reached skill level 2 in Shields
  3679 | D:4      | Reached XP level 5. HP: 10/47 MP: 4/4
  4030 | D:4      | Killed Dowan
  4031 | D:4      | Reached skill level 5 in Fighting
  4031 | D:4      | Reached skill level 5 in Axes
  4031 | D:4      | Reached skill level 4 in Armour
  4185 | D:4      | Reached XP level 6. HP: 42/56 MP: 5/5
  4229 | D:4      | HP: 11/56 [wight (7)]
  4243 | D:4      | HP: 4/56 [wight (7)]
  4243 | D:4      | HP: 1/54 [wight (3)]
  4783 | D:4      | Reached skill level 3 in Shields
  4918 | D:4      | Reached XP level 7. HP: 23/59 MP: 6/6
  4921 | D:4      | HP: 14/59 [orc wizard/puff of flame (11)]
  4923 | D:4      | HP: 4/88 [wight (8)]
  4924 | D:4      | Slain by a wight

Vanquished Creatures
  Duvessa (D:4)
  An ogre (D:4)
  A scorpion (D:4)
  Dowan (D:4)
  A wight (D:4)
  A jelly (D:4)
  A hound (D:4)
  An iguana (D:3)
  A hound skeleton (D:4)
  An adder (D:3)
  A gnoll (D:4)
  A dart slug (D:1)
  An orc (D:4)
  3 bats
  5 endoplasms
  2 giant cockroaches (D:1)
  10 goblins
  6 hobgoblins
  2 jackals (D:1)
  7 kobolds
  3 quokkas
  8 ball pythons
  2 frilled lizards
  A rat (D:3)
62 creatures vanquished.

Table legend:
 A = Non-vault XP
 B = Vault XP
 C = Vault XP percentage of total XP
 D = Non-vault monster count
 E = Vault monster count
 F = Vault count percentage of total count
                 A         B        C        D         E       F
            +---------+---------+-------+---------+---------+-------
      Total |     465 |     274 |  37.1 |      58 |       4 |   6.5
            +---------+---------+-------+---------+---------+-------
        D:1 |      42 |       0 |   0.0 |      23 |       0 |   0.0
        D:2 |      18 |       0 |   0.0 |      10 |       0 |   0.0
        D:3 |      65 |       0 |   0.0 |      11 |       0 |   0.0
        D:4 |     340 |     274 |  44.6 |      14 |       4 |  22.2
            +---------+---------+-------+---------+---------+-------

Illustrated notes

Table legend:
 A = Kills in this place as a percentage of kills in entire the game.
 B = Kills by you in this place as a percentage of kills by you in the entire game.
 C = Kills by friends in this place as a percentage of kills by friends in the entire game.
 D = Other kills in this place as a percentage of other kills in the entire game.
 E = Experience gained in this place as a percentage of experience gained in the entire game.
 F = Experience gained in this place divided by the number of levels of this place that you have seen.
                   A       B       C       D       E      F
               +-------+-------+-------+-------+-------+----------------------
         Total | 100.0 | 100.0 |   N/A |   N/A | 100.0 | 184.8
       Dungeon | 100.0 | 100.0 |   N/A |   N/A | 100.0 | 184.8
               +-------+-------+-------+-------+-------+----------------------

Table legend: (Time is in decaauts)
 A = Elapsed time spent in this place.
 B = Non-inter-level travel time spent in this place.
 C = Inter-level travel time spent in this place.
 D = Time resting spent in this place.
 E = Time spent auto-exploring this place.
 F = Levels seen in this place.
 G = Mean time per level.
                   A        B        C        D        E       F      G
               +--------+--------+--------+--------+--------+-----+--------+
         Total |   4963 |   4673 |    290 |   1372 |   2505 |   4 | 1240.8 |
       Dungeon |   4963 |   4673 |    290 |   1372 |   2505 |   4 | 1240.8 |
               +--------+--------+--------+--------+--------+-----+--------+

Top non-repeatable levels by time:
     D:3: 2099 daAuts
     D:1: 1194 daAuts
     D:2: 1107 daAuts
     D:4: 562 daAuts
